 Dungeon Crawl Stone Soup version 0.20.1-1-g8b1a95d66d (webtiles) character file.

752 Pixllover the Skirmisher (level 7, -2/63 HPs)
             Began as a Minotaur Berserker on Dec 22, 2017.
             Was a Priest of Trog.
             Killed by nerve-wracking pain
             ... invoked by a shadow imp
              (11 damage)
             ... on level 5 of the Dungeon on Dec 25, 2017.
             The game lasted 00:15:53 (4604 turns).

Pixllover the Skirmisher (Minotaur Berserker)       Turns: 4604, Time: 00:15:53

Health: -2/63      AC: 22    Str: 24    XL:     7   Next: 49%
Magic:  6/6        EV:  9    Int:  4    God:    Trog [***...]
Gold:   218        SH:  0    Dex:  9    Spells: 6/6 levels left

rFire    + . .     SeeInvis .   r - +2 scythe (protect)
rCold    . . .     Gourm    .   (shield currently unavailable)
rNeg     . . .     Faith    .   p - +5 chain mail
rPois    .         Spirit   .   (helmet restricted)
rElec    .         Reflect  .   (no cloak)
rCorr    .         Harm     .   (no gloves)
MR       .....                  h - +0 pair of boots
Stlth    ..........             (no amulet)
Regen    0.2/turn               g - ring of protection from fire
MPRegen  0.1/turn               f - ring of loudness (curse)

@: protection aura
A: retaliatory headbutt, horns 2
a: Berserk, Trog's Hand, Burn Spellbooks, Renounce Religion


You were on level 5 of the Dungeon.
You worshipped Trog.
Trog was most pleased with you.
You were not hungry.

You visited 2 branches of the dungeon, and saw 6 of its levels.

You collected 218 gold pieces.

Inventory:

Hand Weapons
 r - a +2 scythe of protection (weapon)
 s - a +0 vampiric rapier
Armour
 h - a +0 pair of boots (worn)
 p - a +5 chain mail (worn)
Jewellery
 f - a cursed ring of loudness (right hand)
 g - a ring of protection from fire (left hand)
 v - an uncursed ring of poison resistance
Wands
 n - a wand of digging (17/24)
Scrolls
 b - a scroll of remove curse
 d - a scroll of teleportation
 e - a scroll of enchant armour
 m - 2 scrolls of random uselessness {unknown}
Potions
 a - a potion of agility {unknown}
 i - 2 potions of curing
 j - a potion of brilliance {unknown}
 q - a potion of invisibility
 u - a potion of berserk rage {unknown}
Comestibles
 c - 3 bread rations
 l - a meat ration
 o - a fruit


   Skills:
 + Level 6.0 Fighting
   Level 5.7 Maces & Flails
 + Level 5.0 Polearms
 + Level 4.6 Armour
 + Level 3.6 Dodging
 + Level 0.5 Stealth


You had 6 spell levels left.
You didn't know any spells.

Dungeon Overview and Level Annotations

Branches:
Dungeon (5/15)             Temple (1/1) D:4

Altars:
Ashenzari
Cheibriados
Dithmenos
Elyvilon
Fedhas
Hepliaklqana
Kikubaaqudgha
Makhleb
Nemelex Xobeh
Qazlal
Xom
Yredelemnul
Zin
The Shining One


Innate Abilities, Weirdness & Mutations

You reflexively headbutt those who attack you in melee.
You have a pair of horns on your head.


Message History

A shadow imp comes into view.
You bump into the rock wall.
The orc priest hits you but does no damage.
You bump into the rock wall.
You feel less confused.
The orc priest hits you but does no damage.
The shadow imp hits you but does no damage.
The orc priest barely misses you. You furiously retaliate!
You headbutt the orc priest!
You kill the orc priest!
Trog accepts your kill.
Your Fighting skill increases to level 6!
All of the chunks of flesh in your inventory have rotted away.
Items here: ))) [[[ ††† You hit the shadow imp but do no damage.
Your weapon exudes an aura of protection.
Your headbutt misses the shadow imp. The shadow imp gestures at you.
Pain shoots through your body!
You die...

..# ... .. .. .#
# .#.##
#.#######5.?.###
.......<@)......
##########...###
###


You could see a shadow imp.

Vanquished Creatures
  Sigmund (D:2)
  2 ogres (D:4)
  A scorpion (D:4)
  A hound (D:4)
  An orc priest (D:5)
  5 orc wizards
  2 worker ants (D:4)
  3 gnolls (D:3)
  A howler monkey skeleton (D:5)
  3 adders
  3 worms
  A dart slug (D:3)
  2 leopard geckos
  3 orcs
  A ball python (D:2)
  6 giant cockroaches
  11 hobgoblins
  7 jackals
  A quokka (D:3)
  5 bats
  3 frilled lizards
  11 goblins
  10 kobolds
  9 rats
93 creatures vanquished.

Notes
Turn   | Place    | Note
-------+----------+-------------------------------------------
     0 | D:1      | Pixllover the Minotaur Berserker began the quest for the Orb.
     0 | D:1      | Reached XP level 1. HP: 19/19 MP: 0/0
   280 | D:1      | Reached XP level 2. HP: 16/27 MP: 1/1
   490 | D:1      | Reached skill level 4 in Fighting
   971 | D:2      | Reached ** piety under Trog
   973 | D:2      | Reached XP level 3. HP: 29/33 MP: 2/2
  1526 | D:2      | Noticed Sigmund
  1550 | D:2      | Killed Sigmund
  1550 | D:2      | Reached skill level 5 in Fighting
  1550 | D:2      | Reached skill level 5 in Maces & Flails
  1550 | D:2      | Reached XP level 4. HP: 34/42 MP: 3/3
  1550 | D:2      | Reached XP level 5. HP: 38/48 MP: 4/4
  2359 | D:3      | Reached skill level 1 in Polearms
  2819 | D:3      | Reached XP level 6. HP: 56/56 MP: 5/5
  2839 | D:3      | Reached *** piety under Trog
  3396 | D:3      | Found a faded altar of an unknown god.
  3603 | D:4      | Found a shimmering altar of Xom.
  3662 | D:4      | Found a staircase to the Ecumenical Temple.
  3666 | Temple   | Entered the Ecumenical Temple
  3829 | D:4      | Found a sparkling altar of Nemelex Xobeh.
  4084 | D:4      | Reached XP level 7. HP: 55/61 MP: 6/6
  4570 | D:5      | Entered Level 5 of the Dungeon
  4577 | D:5      | Reached skill level 5 in Polearms
  4603 | D:5      | Reached skill level 6 in Fighting
  4604 | D:5      | Killed from afar by a shadow imp

Skill      XL: |  1  2  3  4  5  6  7 |
---------------+----------------------+-----
Maces & Flails | 4 5 |  5.7
Fighting       | 4 5 6 |  6.0
Dodging        | 3 |  3.6
Polearms       | 1 4 5 |  5.0
Armour         | 3 4 |  4.6
Stealth        | |  0.5

Action                   |  1- 3 |  4- 6 |  7- 9 || total
-------------------------+-------+-------+-------++-------
Melee: Mace              |    88 |     1 |       ||    89
       Headbutt          |    11 |    11 |     8 ||    30
       Scythe            |       |    99 |    44 ||   143
  Use: Scroll            |     6 |     5 |     1 ||    12
       Potion            |       |     5 |     1 ||     6
 Stab: Invisible         |       |     2 |       ||     2
  Eat: Chunk             |     2 |     1 |       ||     3
       Meat ration       |       |     2 |       ||     2
       Fruit             |       |     1 |       ||     1
Armor: Animal skin       |    16 |       |       ||    16
       Leather armour    |     8 |       |       ||     8
       Chain mail        |    13 |    99 |    59 ||   171
       Skin              |       |    16 |       ||    16
Dodge: Dodged            |    70 |    86 |    28 ||   184
